 Dungeon Crawl Stone Soup version 0.19-a0-1111-gcceb26a (webtiles) character file.

166977 mistymad the Eclecticist (level 17, -4/106 HPs)
             Began as a Deep Elf Fire Elementalist on Aug 11, 2016.
             Was a High Priest of Sif Muna.
             Slain by a mana viper (13 damage)
             ... on level 3 of the Snake Pit.
             The game lasted 03:02:45 (47300 turns).

mistymad the Eclecticist (DEFE)                    Turns: 47300, Time: 03:02:49

Health: -4/106     AC: 12    Str:  5    XL:     17   Next: 30%
Magic:  45/49      EV:  7    Int: 36    God:    Sif Muna [*****.]
Gold:   227        SH:  8    Dex: 19    Spells: 15 memorised, 3 levels left

rFire  + . .     SeeInvis +     i - +1 mace of Hoenea {crush, rF+ Dex+4 SInv}
rCold  . . .     Gourm    .     y - +1 ring mail of Hopscotch {Int+5}
rNeg   . . .     Faith    .     I - +2 buckler
rPois  .         Spirit   .     F - +2 hat
rElec  .         Dismiss  .     B - +0 cloak
rCorr  .         Reflect  .     p - +0 pair of gloves
SustAt .         Harm     .     d - +1 pair of boots
MR     +++..                    S - amulet of regeneration
Stlth  ++........               R - ring of magical power
                                C - ring of the Mage {Wiz MR++ Int+3}

@: about to teleport, constricted, repel missiles, divine energy
A: no striking features
a: Stop Divine Energy, Channel Magic, Forget Spell, Renounce Religion


You were on level 3 of the Snake Pit.
You worshipped Sif Muna.
Sif Muna was extremely pleased with you.
You were not hungry.

You visited 7 branches of the dungeon, and saw 30 of its levels.
You visited 1 bazaar.
You also visited: Volcano.

You collected 2362 gold pieces.
You spent 2135 gold pieces at shops.

Inventory:

Hand Weapons
 i - the +1 mace of Hoenea (weapon) {crush, rF+ Dex+4 SInv}
   (You bought it in a shop in a bazaar)

   It inflicts extra damage upon your enemies.
   It affects your dexterity (+4).
   It protects you from fire.
   It lets you see invisible.
 J - a +1 dagger of protection
Armour
 d - a +1 pair of boots (worn)
 p - a +0 pair of gloves (worn)
 y - the +1 ring mail of Hopscotch (worn) {Int+5}
   (You found it on level 9 of the Dungeon)

   It affects your intelligence (+5).
 A - a +2 robe of magic resistance
 B - a +0 cloak (worn)
 F - a +2 hat (worn)
 I - a +2 buckler (worn)
 X - a +0 shield of reflection
Jewellery
 g - an uncursed ring of protection from cold
 l - an uncursed ring of sustain attributes
 C - the ring of the Mage (left hand) {Wiz MR++ Int+3}
   (You bought it in a shop on level 10 of the Dungeon)

   [ring of wizardry]

   It improves your spell success rate.
   It affects your intelligence (+3).
   It affects your resistance to hostile enchantments.
 D - an uncursed ring of see invisible
 O - an uncursed ring of protection from magic
 Q - an uncursed ring of flight
 R - a ring of magical power (right hand)
 S - an amulet of regeneration (around neck)
Wands
 f - a wand of teleportation (6/9)
 n - a wand of lightning (8/15)
 t - a wand of disintegration (7/24)
 T - a wand of disintegration (13/24)
Scrolls
 b - 3 scrolls of enchant weapon
 k - 3 scrolls of fog
 o - a scroll of identify
 v - 5 scrolls of recharging
 w - 2 scrolls of magic mapping
 H - 4 scrolls of immolation
 L - a scroll of enchant armour
 N - 2 scrolls of silence
 P - 12 scrolls of remove curse
 U - a scroll of teleportation
Potions
 a - a potion of resistance
 e - 9 potions of curing
 h - 2 potions of ambrosia
 m - a potion of flight
 r - 5 potions of might
 s - 7 potions of brilliance
 x - 6 potions of agility
 z - a potion of cure mutation
 E - 3 potions of cancellation
 Z - 4 potions of invisibility
Books
 V - a book of Transfigurations

   Spells                             Type                      Level
   a - Irradiate                      Conjuration/Transmutation    5
   b - Statue Form                    Transmutation/Earth          6
   c - Hydra Form                     Transmutation                6
   d - Dragon Form                    Transmutation                7
 W - Ereshkigal's Disquisition on Conjuration
   (Sif Muna gifted it to you on level 2 of the Snake Pit)

   Spells                             Type                      Level
   a - Stone Arrow                    Conjuration/Earth            3
   b - Fulminant Prism                Conjuration/Hexes            4
   c - Iskenderun's Mystic Blast      Conjuration                  4
   d - Poison Arrow                   Conjuration/Poison           6
   e - Orb of Destruction             Conjuration                  7
Comestibles
 c - 12 bread rations
 j - 14 slices of pizza
 q - 11 meat rations
 G - 7 beef jerkies
 M - 2 royal jellies


   Skills:
 + Level 12.0 Fighting
 - Level 2.3 Short Blades
 - Level 2.4 Dodging
 - Level 2.4 Stealth
 - Level 4.2 Shields
 + Level 17.9 Spellcasting
 + Level 15.4 Conjurations
 - Level 6.6 Charms
 - Level 5.0 Summonings
 - Level 7.5 Necromancy
 + Level 15.9 Fire Magic
 - Level 9.5 Invocations


You had 3 spell levels left.
You knew the following spells:

 Your Spells              Type           Power        Failure   Level  Hunger
a - Bolt of Magma         Conj/Fire/Erth #######...   1%          5    None
b - Summon Lightning Spi  Summ/Air       ######..     9%          4    None
c - Conjure Flame         Conj/Fire      #######.     1%          3    None
d - Inner Flame           Hex/Fire       ######..     1%          3    None
e - Sticky Flame          Conj/Fire      #######.     1%          4    None
f - Fireball              Conj/Fire      #######...   1%          5    None
g - Blink                 Tloc           N/A          4%          2    None
h - Magic Dart            Conj           ####         0%          1    None
i - Repel Missiles        Chrm/Air       ######       1%          2    None
j - Swiftness             Chrm/Air       ######..     1%          2    None
k - Summon Butterflies    Summ           ######..     1%          1    None
l - Shroud of Golubria    Chrm/Tloc      ######....   1%          2    None
m - Regeneration          Chrm/Necr      ######....   1%          3    None
n - Ring of Flames        Chrm/Fire      #######...   21%         7    ##.....
o - Passage of Golubria   Tloc           N/A          32%         4    None


Dungeon Overview and Level Annotations

Branches:
Dungeon (15/15)            Temple (1/1) D:7            Lair (6/6) D:10
  Swamp (1/4) Lair:4        Snake (3/4) Lair:4        Slime (0/5) Lair:6
    Orc (2/2) D:12            Elf (2/3) Orc:2        Vaults (0/5) D:14
 Depths (0/5) D:15

Altars:
Ashenzari
Cheibriados
Dithmenos
Elyvilon
Fedhas
Gozag
Hepliaklqana
Kikubaaqudgha
Makhleb
Nemelex Xobeh
Okawaru
Pakellas
Qazlal
Ru
Sif Muna
Trog
Uskayaw
Vehumet
Xom
Yredelemnul
Zin
The Shining One
Beogh

Shops:
D:4 :}   D:5 !   D:7 %%:   D:10 (?=?   Orc:2 :%%(

Annotations:
Lair:6 1 runed door
Swamp:1 Aizul


Message History

You feel much better.
The salamander hits you from afar with an enchanted halberd!
You are engulfed in flames.
You resist. The anaconda bites you. The anaconda constricts you.
The salamander hits you but does no damage.
You block the mana viper's attack.
The salamander hits you from afar with a glaive!
* * * LOW HITPOINT WARNING * * *
You are engulfed in flames.
You resist.
* * * LOW HITPOINT WARNING * * *
The salamander mystic hits you but does no damage.
The anaconda bites you but does no damage.
* * * LOW HITPOINT WARNING * * *
The anaconda constricts you.
The salamander hits you from afar with an enchanted halberd!
* * * LOW HITPOINT WARNING * * *
You are engulfed in flames.
You resist.
* * * LOW HITPOINT WARNING * * *
The mana viper bites you!
You die...

#.#.#).......
.#..........
........... ..
#.......).. ##?.
#..........
#...##..........
................
.S.....S@N......
.......SS.N.....
.......NN.......
.......<$.#....$
#........##≈####
####....!.. #
#...##### ....#
.#...


You could see a salamander mystic, 3 salamanders, an anaconda, 2 mana vipers and
a black mamba (wandering).

Vanquished Creatures
  Gastronok (Lair:3)
  A thorn hunter (Swamp:1)
  2 greater nagas (Snake:2)
  Donald (Orc:2)
  Louise (Swamp:1)
  A deep elf elementalist (Elf:2)
  The ghost of namelastname112 the Carver, a journeyman DrBe of Trog (Lair:3)
  A deep elf death mage (Elf:1)
  A fire dragon (D:14)
  7 hydras
  3 anacondas
  3 naga warriors
  6 centaur warriors
  Erica (D:8)
  A catoblepas (D:14)
  2 alligators
  An ogre mage (D:15)
  A tengu warrior (D:15)
  5 dancing weapons
  7 death yaks
  3 orc high priests (Orc:2)
  4 shock serpents
  Urug (Orc:1)
  2 naga sharpshooters
  Sonja (D:14)
  A salamander mystic (Snake:2)
  10 deep elf knights
  A skeletal warrior (D:15)
  An unseen horror (D:15)
  2 wizards
  A swamp dragon (Swamp:1)
  10 hill giants
  7 deep elf archers
  Pikel (D:8)
  A lindwurm (Lair:6)
  5 necromancers
  5 naga ritualists
  2 phantasmal warriors
  5 mana vipers (Snake:2)
  A wolf spider zombie (D:15)
  6 orc sorcerers
  4 orc knights (Orc:2)
  7 salamanders
  4 cyclopes
  38 deep elf magi
  3 griffons
  A hornet (Swamp:1)
  3 manticores (D:12)
  A stone giant zombie (D:15)
  A centaur zombie (D:15)
  2 large abominations (Elf:1)
  8 naga magi
  4 guardian serpents (Snake:2)
  4 elephants
  22 black mambas
  Joseph (D:9)
  A fire giant skeleton (D:15)
  3 gargoyles
  6 torpor snails (Lair:6)
  11 spiny frogs
  A spriggan zombie (D:15)
  10 komodo dragons
  2 rime drakes
  7 kobold demonologists
  6 trolls
  A guardian mummy (D:15)
  4 giant leeches (Lair:6)
  A polar bear (Lair:2)
  A jumping spider (shapeshifter) (D:13)
  A harpy skeleton (D:15)
  A tengu conjurer (D:15)
  Prince Ribbit (D:8)
  24 slime creatures
  A wolf spider simulacrum (D:14)
  10 blink frogs
  2 hornet zombies
  7 water elementals
  3 air elementals
  3 spriggans
  A vampire (D:13)
  4 fire elementals (Elf:1)
  A deep troll skeleton (D:15)
  2 shadows
  5 wraiths
  A wyvern (D:10)
  2 basilisks
  12 hippogriffs
  54 yaks
  4 hungry ghosts
  8 vampire mosquitoes
  8 swamp worms
  A warg (Orc:1)
  2 mottled dragons
  A soldier ant (D:15)
  20 nagas
  12 water moccasins
  6 porcupines
  2 black bears
  21 orc warriors
  2 swamp drakes
  A slave (D:8)
  8 sky beasts
  6 ice beasts
  A necrophage (D:12)
  12 ogres
  13 wolves
  4 eyes of draining
  9 wasps
  3 phantoms
  11 crocodiles
  11 centaurs
  20 giant frogs
  3 elf zombies (Elf:1)
  8 big kobolds
  A gnoll sergeant (D:7)
  4 earth elementals
  2 wyvern zombies
  2 wyvern skeletons (D:13)
  8 scorpions
  6 killer bees (D:8)
  21 wights
  5 howler monkeys
  2 electric eels
  7 crimson imps
  A quasit (D:11)
  4 jellies
  24 orc priests
  6 hounds
  4 centaur skeletons
  2 giant frog skeletons
  19 orc wizards
  8 iguanas
  12 worker ants
  15 sheep
  A hound zombie (D:8)
  A hound skeleton (D:6)
  A howler monkey skeleton (D:5)
  4 worker ant zombies
  21 gnolls
  16 adders
  86 river rats
  5 shadow imps
  2 oozes
  14 worms
  A dart slug (D:3)
  7 giant geckos
  83 orcs
  3 ball pythons
  2 bats (D:2)
  10 giant cockroaches
  10 goblins
  9 hobgoblins
  8 jackals
  6 quokkas
  8 giant newts
  13 kobolds
  A quokka skeleton (D:7)
  6 rats
  A fungus (D:15)
  3 plants
  A withered plant (D:15)
1082 creatures vanquished.

Vanquished Creatures (others)
  3 slaves (D:8)
  An orc priest (D:8)
  An orc wizard (Orc:2)
  An adder skeleton (D:8)
  14 fungi
  7 plants
  2 withered plants (D:15)
29 creatures vanquished.

Grand Total: 1111 creatures vanquished

Notes
Turn   | Place    | Note
-------+----------+-------------------------------------------
     0 | D:1      | mistymad the Deep Elf Fire Elementalist began the quest for the Orb.
     0 | D:1      | Reached XP level 1. HP: 10/10 MP: 6/6
   138 | D:1      | Reached XP level 2. HP: 9/15 MP: 5/8
   719 | D:1      | Reached skill level 4 in Spellcasting
   723 | D:1      | Reached XP level 3. HP: 19/19 MP: 4/10
   850 | D:2      | Learned a level 2 spell: Throw Flame
   854 | D:2      | Learned a level 3 spell: Conjure Flame
   858 | D:2      | Learned a level 3 spell: Inner Flame
  1240 | D:2      | Reached XP level 4. HP: 23/24 MP: 0/12
  1899 | D:3      | Found a faded altar of an unknown god.
  2097 | D:3      | Reached XP level 5. HP: 28/28 MP: 3/14
  2163 | D:3      | Reached skill level 5 in Spellcasting
  2380 | D:3      | Learned a level 4 spell: Sticky Flame
  2524 | D:3      | Noticed a sky beast
  2577 | D:3      | Killed a sky beast
  2577 | D:3      | Reached skill level 5 in Fire Magic
  2689 | D:3      | Reached XP level 6. HP: 32/32 MP: 12/16
  2755 | D:3      | Learned a level 1 spell: Summon Butterflies
  3205 | D:4      | Found Nakuw's Gadget Boutique.
  3237 | D:4      | Found Galehuat's Book Shop.
  3427 | D:4      | Reached skill level 1 in Fighting
  3478 | D:4      | Reached skill level 6 in Spellcasting
  3562 | D:4      | Found a shadowy altar of Dithmenos.
  3719 | D:4      | Reached XP level 7. HP: 38/38 MP: 12/18
  4092 | D:5      | Entered Level 5 of the Dungeon
  4138 | D:5      | Found Vaot's Distillery.
  4493 | D:5      | Reached skill level 5 in Conjurations
  5461 | D:6      | Reached skill level 7 in Spellcasting
  5607 | D:6      | Reached XP level 8. HP: 45/45 MP: 10/20
  6798 | D:7      | Reached skill level 1 in Short Blades
  6882 | D:4      | Bought a book of Minor Magic for 260 gold pieces
  6900 | D:6      | Learned a level 2 spell: Blink
  6902 | D:6      | Learned a level 1 spell: Magic Dart
  6905 | D:6      | Learned a level 2 spell: Repel Missiles
  6916 | D:7      | Found a sacrificial altar of Ru.
  6916 | D:7      | Found a radiant altar of Vehumet.
  6924 | D:7      | Reached skill level 8 in Spellcasting
  7047 | D:7      | Found a staircase to the Ecumenical Temple.
  7049 | D:7      | Found Jequihat's Book Boutique.
  7056 | Temple   | Entered the Ecumenical Temple
  7451 | D:7      | Found Zonlucko's Food Shoppe.
  7476 | D:7      | Found Rubuv's Food Shoppe.
  7749 | D:7      | Reached XP level 9. HP: 52/52 MP: 0/23
  7923 | D:7      | Found a deep blue altar of Sif Muna.
  7976 | D:7      | Became a worshipper of Sif Muna the Loreminder
  8720 | D:8      | Noticed Pikel
  9044 | D:8      | Reached skill level 1 in Shields
  9078 | D:8      | Found a shimmering altar of Xom.
  9086 | D:8      | Learned a level 2 spell: Swiftness
  9150 | D:8      | Noticed Prince Ribbit
  9157 | D:8      | Killed Prince Ribbit
  9348 | D:8      | Reached skill level 9 in Spellcasting
  9379 | D:8      | Reached * piety under Sif Muna
  9642 | D:8      | Killed Pikel
  9642 | D:8      | Reached skill level 5 in Fighting
  9690 | D:8      | Noticed Erica
  9782 | D:8      | Reached XP level 10. HP: 48/59 MP: 13/25
  9832 | D:8      | Killed Erica
 10207 | D:8      | Learned a level 5 spell: Fireball
 10242 | D:9      | Reached skill level 10 in Spellcasting
 10741 | D:9      | Noticed Joseph
 11118 | D:9      | Killed Joseph
 11118 | D:9      | Reached ** piety under Sif Muna
 11714 | D:9      | Got a steaming ring mail
 11952 | D:10     | Entered Level 10 of the Dungeon
 12072 | D:9      | Identified the +1 ring mail of Hopscotch {Int+5} (You found it on level 9 of the Dungeon)
 12158 | D:10     | Found Arghunim's Antique Weapon Emporium.
 12407 | D:10     | Found Houcit's Magic Scroll Emporium.
 12548 | D:10     | Found Ameu's Jewellery Boutique.
 12563 | D:10     | Reached skill level 11 in Spellcasting
 12594 | D:10     | Reached XP level 11. HP: 64/64 MP: 18/28
 12600 | D:10     | Found Zusky's Magic Scroll Emporium.
 12821 | D:10     | Found a staircase to the Lair.
 13443 | Lair:1   | Entered Level 1 of the Lair of Beasts
 13452 | Lair:1   | Reached *** piety under Sif Muna
 13672 | Lair:1   | Reached skill level 1 in Invocations
 14049 | Lair:1   | Reached skill level 10 in Fire Magic
 14382 | Lair:1   | Got a shimmering dire flail
 15342 | Lair:1   | Reached skill level 12 in Spellcasting
 15542 | Lair:2   | Reached skill level 10 in Conjurations
 15789 | Lair:2   | Reached **** piety under Sif Muna
 16558 | Lair:2   | Reached skill level 1 in Charms
 16637 | Lair:2   | Reached XP level 12. HP: 65/72 MP: 20/30
 17467 | Lair:2   | Noticed a four-headed hydra
 17474 | Lair:2   | Killed a four-headed hydra
 17705 | Lair:3   | Noticed Gastronok
 17714 | Lair:3   | Killed Gastronok
 17714 | Lair:3   | Reached ***** piety under Sif Muna
 17714 | Lair:3   | Received a gift from Sif Muna
 17717 | Lair:3   | Noticed a death yak
 17718 | Lair:3   | Noticed a death yak
 17720 | Lair:3   | Noticed a death yak
 17951 | Lair:3   | Noticed namelastname112's ghost (journeyman DrBe)
 18277 | Lair:3   | Reached skill level 5 in Invocations
 18969 | Lair:3   | Noticed a four-headed hydra
 18983 | Lair:3   | Killed a four-headed hydra
 19352 | Lair:3   | Killed a death yak
 19352 | Lair:3   | Reached skill level 5 in Charms
 19360 | Lair:3   | Killed a death yak
 19380 | Lair:3   | Killed a death yak
 19747 | Lair:3   | Reached skill level 13 in Spellcasting
 20315 | Lair:4   | Found a staircase to the Swamp.
 20961 | Lair:4   | Reached XP level 13. HP: 78/78 MP: 27/32
 21116 | Lair:4   | Found a staircase to the Snake Pit.
 21481 | Lair:5   | Found a dark tunnel.
 21667 | Volcano  | Entered a volcano
 21755 | Lair:5   | Received a gift from Sif Muna
 21773 | Lair:5   | Learned a level 2 spell: Shroud of Golubria
 21777 | Lair:5   | Learned a level 3 spell: Regeneration
 21879 | Lair:5   | Reached skill level 1 in Necromancy
 22401 | Lair:6   | Entered Level 6 of the Lair of Beasts
 23639 | Lair:6   | Found a staircase to the Slime Pits.
 24119 | Lair:6   | Found a runed door.
 24127 | Lair:6   | Reached skill level 14 in Spellcasting
 25130 | D:10     | Received a gift from Sif Muna
 25132 | D:10     | Identified Dispater's Collected Works on Confrontation (Sif Muna gifted it to you on level 10 of the Dungeon)
 25140 | D:10     | Learned a level 5 spell: Bolt of Magma
 25662 | D:11     | Reached XP level 14. HP: 86/86 MP: 27/34
 26234 | D:10     | Bought the ring of the Mage {Wiz MR++ Int+3} for 620 gold pieces
 26732 | D:12     | Reached skill level 5 in Necromancy
 27675 | D:12     | Found a staircase to the Orcish Mines.
 30482 | D:13     | Received a gift from Sif Muna
 30495 | D:13     | Identified Sif Muna's Almanac of the Compass (Sif Muna gifted it to you on level 13 of the Dungeon)
 30502 | D:13     | Learned a level 4 spell: Passage of Golubria
 31253 | Orc:1    | Entered Level 1 of the Orcish Mines
 31480 | Orc:1    | Noticed Urug
 31503 | Orc:1    | Killed Urug
 31919 | Orc:2    | Entered Level 2 of the Orcish Mines
 31932 | Orc:2    | Noticed Donald
 31941 | Orc:2    | Killed Donald
 31941 | Orc:2    | Reached skill level 15 in Spellcasting
 32112 | Orc:2    | Found a roughly hewn altar of Beogh.
 32279 | Orc:2    | Found a staircase to the Elven Halls.
 32827 | Orc:2    | Reached XP level 15. HP: 82/92 MP: 8/36
 33168 | Orc:2    | Found Varchuda's Food Boutique.
 33168 | Orc:2    | Found Lub Hyimn's Book Shoppe.
 33170 | Orc:2    | Found Morhugec's Antique Weapon Boutique.
 33170 | Orc:2    | Found Douxopuota's Food Shoppe.
 34208 | D:14     | Reached skill level 10 in Fighting
 34231 | D:14     | Found a flickering gateway to a bazaar.
 34241 | Bazaar   | Entered a bazaar
 34241 | Bazaar   | Found Alaxa's Assorted Antiques.
 34246 | Bazaar   | Found Piemo's Gadget Shop.
 34252 | Bazaar   | Found Digeirr's General Store.
 34260 | Bazaar   | Found Googishry's General Store.
 34295 | Bazaar   | Found Nikhlaxo's Book Emporium.
 34317 | Bazaar   | Bought a white potion for 18 gold pieces
 34317 | Bazaar   | Bought a potion of curing for 63 gold pieces
 34320 | Bazaar   | Bought a shimmering mace for 168 gold pieces
 34327 | Bazaar   | Identified the cursed +1 mace of Hoenea {crush, rF+ Dex+4 SInv} (You bought it in a shop in a bazaar)
 34347 | Bazaar   | Bought a potion of resistance for 130 gold pieces
 34353 | Bazaar   | Bought a potion of invisibility for 120 gold pieces
 34353 | Bazaar   | Bought a scroll of fear for 52 gold pieces
 34353 | Bazaar   | Bought a scroll of recharging for 142 gold pieces
 34353 | Bazaar   | Bought a scroll of amnesia for 52 gold pieces
 34353 | Bazaar   | Bought a potion of invisibility for 120 gold pieces
 34644 | D:14     | Noticed Sonja
 34646 | D:14     | Killed Sonja
 35214 | Lair:1   | Learned a level 4 spell: Summon Lightning Spire
 35271 | Lair:3   | Killed namelastname112's ghost
 35365 | Swamp:1  | Entered Level 1 of the Swamp
 35365 | Swamp:1  | Noticed Louise
 35371 | Swamp:1  | Killed Louise
 35373 | Swamp:1  | Noticed a thorn hunter
 35479 | Lair:4   | Received a gift from Sif Muna
 35481 | Lair:4   | Identified Sif Muna's Tome of Displaced Stones (Sif Muna gifted it to you on level 4 of the Lair of Beasts)
 35497 | Snake:1  | Entered Level 1 of the Snake Pit
 35615 | Snake:1  | Reached skill level 1 in Summonings
 35729 | Snake:1  | You fall through a shaft!
 37251 | Snake:1  | Reached skill level 16 in Spellcasting
 38211 | D:14     | Found a gate to the Vaults.
 38620 | D:15     | Entered Level 15 of the Dungeon
 38937 | D:15     | Reached XP level 16. HP: 97/99 MP: 4/38
 39215 | D:15     | Found a staircase to the Depths.
 39714 | D:15     | Reached skill level 5 in Summonings
 40646 | D:4      | Bought a wand of teleportation (6/9) for 390 gold pieces
 41333 | Swamp:1  | Noticed Aizul
 41334 | Swamp:1  | mistymad: ??Aizul
 41334 | Swamp:1  | beem: aizul[1/1]: A guardian serpent who fell asleep on the job, letting thieves loot his vault. Disgraced, he is now a warrior! Spells: venom bolt, sleep, poison arrow. Unlike most other intelligent monsters, he cannot open doors. Very dangerous nonetheless!
 41359 | Swamp:1  | Killed a thorn hunter
 41826 | Elf:1    | Entered Level 1 of the Elven Halls
 41828 | Elf:1    | Received a gift from Sif Muna
 41845 | Elf:1    | Identified Sif Muna's Grimoire of Ensnaring Fire (Sif Muna gifted it to you on level 1 of the Elven Halls)
 42174 | Elf:1    | Reached skill level 15 in Fire Magic
 42503 | Elf:1    | Learned a level 7 spell: Ring of Flames
 42867 | Elf:1    | Identified the Compendium of Dark Secrets
 42961 | Elf:1    | Reached skill level 17 in Spellcasting
 44578 | Elf:2    | Reached skill level 15 in Conjurations
 45244 | Elf:2    | Reached XP level 17. HP: 102/106 MP: 38/40
 45425 | Elf:2    | Noticed a Hell Sentinel
 46107 | Snake:2  | Received a gift from Sif Muna
 46110 | Snake:2  | Identified Ereshkigal's Disquisition on Conjuration (Sif Muna gifted it to you on level 2 of the Snake Pit)
 47300 | Snake:3  | Slain by a mana viper

Vault maps used:
D:1:      dpeg_arrival_prison, minmay_heptomino_o4
D:2:      first_bread
D:3:      ecumenical_altar_1
D:4:      serial_shops, shop, shop, grunt_dithmenos_smoke
D:5:      serial_shops, nicolae_shop_temple_entry_statues_fountains,
          columned_hall_lemuel
D:7:      grunt_temple_overflow_open, serial_shops, shop_coins,
          nicolae_shop_stone, nicolae_shop_behind_doors, eino_tiny_chamber
D:8:      overflow_temple_1_default, uniq_erica, uniq_pikel, uniq_prince_ribbit1
D:9:      uniq_joseph
D:10:     david_lair_generic, serial_shops, shop, nicolae_shop_trees, shop, shop
D:12:     erik_orc_1
D:13:     hangedman_ranch
D:14:     david_vaults_4, serial_shops, bzr_entry_islet, minmay_misc_feat_five,
          minivault_24, uniq_sonja
D:15:     gammafunk_depths_entry_grave, minmay_misc_feat_doors,
          fungi_pond_lemuel
Temple:   eino_narrow_crystal_temple
Lair:1:   worms_lemuel
Lair:2:   forest_entry_grove, serial_bayou_shore_b
Lair:3:   uniq_gastronok
Lair:4:   swamp_mist, minmay_snake_entry_guardpost_large
Lair:5:   enter_volcano_4
Lair:6:   wormcave, minmay_slime_entry_pillars, st_stairs_4,
          infiniplex_staircase_pool
Swamp:1:  infiniplex_staircase_pool_2, uniq_aizul, uniq_louise
Snake:2:  nrook_guardian_serpent_ordinary
Snake:3:  spider_trap, lightli_airlock, uniq_vashnia
Orc:1:    uniq_urug
Orc:2:    grunt_orc_tribal_feast, basic_altar, uniq_donald
Elf:1:    elf_arrival_002, evilmike_minifort, minmay_elf_necromancy
Elf:2:    billiards_dpeg
Bazaar:   bazaar_kb_twisted_cavern
Volcano:  volcano_lake

Skill      XL: |  1  2  3  4  5  6  7  8  9 10 11 12 13 14 15 16 17 |
---------------+----------------------------------------------------+-----
Spellcasting   | 4 5 6 7 8 9 11 12 13 14 15 16 17 | 17.9
Conjurations   | 2 3 4 5 6 7 8 10 11 12 14 15 | 15.4
Fire Magic     | 4 5 6 7 8 9 10 11 12 13 14 15 | 15.9
Fighting       | 1 2 4 5 6 7 8 9 10 11 12 | 12.0
Short Blades   | 2 |  2.3
Shields        | 3 4 |  4.2
Invocations    | 4 6 8 9 |  9.5
Charms         | 1 6 |  6.6
Necromancy     | 4 7 |  7.5
Summonings     | 4 5 |  5.0
Dodging        | |  2.4
Stealth        | |  2.4

Action                   |  1- 3 |  4- 6 |  7- 9 | 10-12 | 13-15 | 16-18 || total
-------------------------+-------+-------+-------+-------+-------+-------++-------
Melee: Club              |    10 |       |       |       |       |       ||    10
       Dagger            |       |       |    41 |   125 |    87 |     2 ||   255
       Mace              |       |       |       |       |     4 |    21 ||    25
 Fire: Hunting sling     |       |       |    43 |       |       |       ||    43
 Cast: Flame Tongue      |    56 |    98 |   255 |   239 |    68 |       ||   716
       Conjure Flame     |     1 |     5 |    25 |    33 |    43 |    10 ||   117
       Throw Flame       |       |     8 |    27 |   126 |    19 |       ||   180
       Inner Flame       |       |     6 |    12 |    13 |    12 |     2 ||    45
       Sticky Flame      |       |     1 |     5 |   175 |   194 |    13 ||   388
       Summon Butterflie |       |       |     1 |     1 |     3 |       ||     5
       Repel Missiles    |       |       |     1 |       |     4 |     2 ||     7
       Magic Dart        |       |       |    16 |    10 |       |       ||    26
       Swiftness         |       |       |     1 |       |     1 |       ||     2
       Fireball          |       |       |       |    16 |   331 |   106 ||   453
       Blink             |       |       |       |     1 |       |       ||     1
       Shroud of Golubri |       |       |       |       |    15 |     9 ||    24
       Bolt of Magma     |       |       |       |       |   162 |   203 ||   365
       Regeneration      |       |       |       |       |    13 |    10 ||    23
       Ring of Flames    |       |       |       |       |       |     1 ||     1
Invok: Divine Energy     |       |       |       |     1 |       |       ||     1
       Channel Magic     |       |       |       |     1 |     7 |     2 ||    10
       Forget Spell      |       |       |       |       |     1 |       ||     1
Evoke: Wand              |       |       |     3 |       |       |     1 ||     4
  Use: Scroll            |       |       |       |    20 |    24 |     4 ||    48
       Potion            |       |       |       |     1 |     3 |     8 ||    12
  Eat: Chunk             |     1 |     8 |    19 |    29 |    47 |    20 ||   124
       Fruit             |       |       |       |     7 |    12 |     8 ||    27
Armor: Robe              |     8 |     2 |    82 |    14 |       |       ||   106
       Ring mail         |       |       |       |   163 |   206 |    96 ||   465
Dodge: Dodged            |    26 |    25 |    81 |   216 |   199 |    84 ||   631
       Deflected         |       |       |       |       |    17 |     6 ||    23
Block: Buckler           |       |       |       |   130 |   183 |    94 ||   407
